 Dungeon Crawl Stone Soup version 0.22-a0-362-g535178c (webtiles) character file.

110398 Serpenta the Severer (level 16, 0/113 HPs)
             Began as a Mummy Chaos Knight on Apr 19, 2018.
             Killed from afar by a thorn hunter (4 damage)
             ... with a volley of thorns
             ... on level 2 of the Swamp.
             The game lasted 01:16:29 (34040 turns).

Serpenta the Severer (Mummy Chaos Knight)          Turns: 34040, Time: 01:16:30

Health: 0/113      AC: 29    Str: 28    XL:     16   Next: 7%
Magic:  20/20      EV:  7    Int: 13    God:    Xom [......]
Gold:   2233       SH: 17    Dex: 14    Spells: 15/15 levels left

rFire    . . .     SeeInvis .   w - +5 broad axe (elec)
rCold    + . .     Gourm    .   v - +0 shield
rNeg     + + +     Faith    .   b - +2 plate armour {rC+}
rPois    ∞         Spirit   .   P - +0 helmet
rElec    .         Reflect  +   d - +0 cloak
rCorr    .         Harm     .   z - +1 pair of gloves {Str+3}
MR       ++...                  u - +2 pair of boots {Fly}
Stlth    ..........             R - +4 amulet of reflection
HPRegen  0.28/turn              C - ring "Loistuni" {Fire *Contam rN+ Str+7}
MPRegen  0.17/turn              A - +2 ring of protection

@: flying
A: no food or potions, fire vulnerability, cold resistance 1, negative energy
resistance 3, torment resistance, unbreathing, in touch with death 1
a: Renounce Religion, Stop Flying


You were on level 2 of the Swamp.
You worshipped Xom.
You were a very special plaything of Xom.
You were not hungry.

You visited 5 branches of the dungeon, and saw 26 of its levels.
You also visited: Labyrinth, Bailey and Volcano.

You collected 3465 gold pieces.
You spent 1232 gold pieces at shops.


Innate Abilities, Weirdness & Mutations

You do not eat or drink.
Your flesh is vulnerable to fire.
You are immune to poison.
Your flesh is cold resistant. (rC+)
You are immune to negative energy. (rN+++)
You are immune to unholy pain and torment.
You can survive without breathing.
You are in touch with the powers of death.


   Skills:
 + Level 6.9 Fighting
 + Level 16.7 Axes
 - Level 12.6 Armour
 - Level 0.7 Dodging
 - Level 9.8 Shields
 - Level 6.0 Evocations


You had 15 spell levels left.
You didn't know any spells.

Action                   |  1- 3 |  4- 6 |  7- 9 | 10-12 | 13-15 | 16-18 || total
-------------------------+-------+-------+-------+-------+-------+-------++-------
Melee: Hand axe          |    68 |    98 |    67 |       |       |       ||   233
       Broad axe         |       |       |   354 |   603 |   808 |    22 ||  1787
       War axe           |       |       |       |   220 |  1040 |       ||  1260
Throw: Tomahawk          |       |       |     7 |     4 |       |       ||    11
       Javelin           |       |       |     3 |     6 |       |       ||     9
Evoke: Wand              |     1 |     7 |     6 |    25 |    68 |       ||   107
       Lamp of fire      |       |       |       |     1 |       |       ||     1
       Phantom mirror    |       |       |       |       |     1 |       ||     1
  Use: Scroll            |       |     5 |     5 |    11 |    20 |     1 ||    42
 Stab: Paralysed         |       |     2 |    18 |    46 |    12 |       ||    78
       Confused          |       |       |     2 |       |     3 |       ||     5
       Petrified         |       |       |       |     6 |     5 |       ||    11
       Distracted        |       |       |       |       |     1 |     1 ||     2
Armor: Leather armour    |    32 |       |       |       |       |       ||    32
       Chain mail        |     5 |    62 |   244 |    19 |       |       ||   330
       Plate armour      |       |       |       |   559 |   813 |    11 ||  1383
Dodge: Dodged            |    39 |    26 |   166 |   180 |   330 |    11 ||   752
Block: Shield            |       |       |       |   499 |  1144 |    39 ||  1682
       Reflection        |       |       |       |       |    78 |       ||    78

Inventory:

Hand Weapons
 a - the +5 war axe "Kuso" {venom, rF+++ Int+2 Dex-5}
   (You found it on level 2 of the Lair of Beasts)

   It poisons the flesh of those it strikes.
   It affects your intelligence (+2).
   It affects your dexterity (-5).
   It renders you almost immune to fire.
 w - a +5 broad axe of electrocution (weapon)
Missiles
 j - 4 steel tomahawks
 l - 2 throwing nets
 n - 8 poisoned javelins
 r - 3 javelins of penetration {god gift}
 B - 8 javelins (quivered)
 F - 19 javelins of returning
Armour
 b - a +2 plate armour of cold resistance (worn)
 d - a +0 cloak (worn)
 u - a +2 pair of boots of flying (worn)
 v - a +0 shield (worn)
 x - a scarf of cloud immunity
 z - a +1 pair of gloves of strength (worn)
 J - the +0 pair of gloves "Wusill" {rC+ MP+9 Dex-3}
   (You found it on level 6 of the Lair of Beasts)

   It affects your dexterity (-3).
   It protects you from cold.
   It affects your magic capacity (+9).
 P - a +0 helmet (worn)
Jewellery
 p - an uncursed ring of ice
 s - an uncursed ring of protection from fire
 A - a +2 ring of protection (right hand)
 C - the ring "Loistuni" (left hand) {Fire *Contam rN+ Str+7}
   (You found it on level 2 of the Lair of Beasts)

   [ring of fire]

   It enhances your fire magic.
   It affects your strength (+7).
   It protects you from fire.
   It makes you vulnerable to cold.
   It protects you from negative energy.
   It causes magical contamination when unequipped.
 G - an uncursed ring of teleportation
 O - the ring "Guugaloff" {Wiz -Tele Int+4 Dex+6}
   (You took it off a centaur on level 9 of the Dungeon)

   [ring of wizardry]

   It improves your spell success rate.
   It affects your intelligence (+4).
   It affects your dexterity (+6).
   It prevents most forms of teleportation.
 Q - a +2 ring of evasion
 R - a +4 amulet of reflection (around neck)
Wands
 e - a wand of digging (78)
 g - a wand of paralysis (9)
 y - a wand of acid (9)
 D - a wand of polymorph (27)
 H - a wand of clouds (2)
 K - a wand of iceblast (6)
Scrolls
 f - 10 scrolls of magic mapping
 i - 13 scrolls of teleportation
 k - 4 scrolls of fear
 o - 13 scrolls of identify
 q - 15 scrolls of remove curse
 t - 2 scrolls of vulnerability
 I - a scroll of fog
Miscellaneous
 c - a lamp of fire
 M - a phial of floods

♣.≈≈≈≈≈≈. ♣.≈≈≈≈≈≈.
♣≈≈≈≈≈≈.♣ ≈.≈≈≈≈≈.♣♣
..≈≈≈≈._y♣ ..≈≈≈≈..§
♣.≈≈≈≈
.≈..≈≈≈§♣♣♣♣♣≈.≈≈≈≈
♣.D§(@....≈≈.§§≈
♣♣♣_§§§≈≈≈≈≈§≈..
..♣♣≈≈≈≈≈≈≈≈..♣♣
♣≈.≈.≈≈≈≈._....♣
♣..≈≈..♣f.≈≈≈.♣♣♣♣♣
♣...≈≈.≈..≈≈≈.♣.≈.♣
...♣♣≈≈≈.<..≈§≈§≈≈≈♣
<.. ♣..≈≈.)≈.≈≈≈≈..♣
♣♣....♣≈.≈≈≈≈.♣♣


You could see a thorn hunter, an eight-headed hydra (fleeing) and a friendly
spear.

Vanquished Creatures
  2 thorn hunters
  Kirke (Lair:4)
  Nessos (Lair:4)
  4 dire elephants (Lair:6)
  A minotaur (Lab)
  The ghost of p0werm0de the Cleaver, a journeyman DDFi of Makhleb (D:12)
  2 ettins (Orc:1)
  A rakshasa (D:9)
  Erolcha (D:12)
  7 hydras
  11 two-headed ogres
  3 centaur warriors
  An anaconda (Lair:6)
  An alligator (Swamp:1)
  An ogre mage (D:15)
  Urug (D:10)
  An orc high priest (Orc:2)
  Sonja (D:13)
  A skeletal warrior (D:15)
  A flayed ghost (D:15)
  An unseen horror (D:13)
  A death drake (shapeshifter) (D:13)
  2 wizards
  Pikel (D:4)
  An orc knight (Bailey)
  A shambling mangrove (Swamp:1)
  2 necromancers
  3 swamp dragons (Swamp:1)
  7 ugly things
  3 deep elf magi (D:13)
  An orb spider (Spider:1)
  3 manticores
  A faun (shapeshifter) (D:15)
  6 orc sorcerers
  The ghost of VDreamerV the Changer, a novice FoTm (D:5)
  3 cyclopes
  An iron dragon skeleton (D:15)
  A salamander (Volcano)
  2 black mambas
  7 elephants
  2 gargoyles
  6 spiny frogs
  A water nymph (Lair:5)
  A torpor snail (Lair:5)
  7 rime drakes
  A yaktaur (D:14)
  3 kobold demonologists (D:14)
  An efreet (D:14)
  8 komodo dragons
  A freezing wraith (D:14)
  2 yaktaur skeletons (D:15)
  A guardian mummy (D:15)
  3 polar bears
  9 trolls
  6 tyrant leeches
  7 hornets
  Grinder (D:3)
  9 hippogriffs
  2 bog bodies (Swamp:1)
  8 blink frogs (Lair:5)
  12 slime creatures
  Sigmund (D:2)
  A deep troll zombie (D:15)
  3 spriggans
  7 redbacks
  2 vampires (D:14)
  A tarantella (Lair:4)
  3 wyverns
  2 wraiths (D:14)
  18 humans (D:14)
  30 yaks
  2 fire bats (Volcano)
  3 hungry ghosts
  A steam dragon (D:9)
  2 basilisks (Lair:3)
  6 hogs
  17 vampire mosquitoes
  3 wargs
  Edmund (D:4)
  Menkaure (D:5)
  11 insubstantial wisps
  4 swamp worms (Swamp:1)
  30 water moccasins
  3 hell hounds
  26 orc warriors
  4 porcupines
  A hornet zombie (D:11)
  2 swamp drakes
  A black bear (shapeshifter) (D:14)
  4 sky beasts
  A black bear (D:9)
  2 eyes of draining
  4 ice beasts
  A necrophage (D:9)
  A phantom (D:9)
  15 ogres
  9 wolves (Lair:2)
  20 centaurs
  9 crocodiles
  4 big kobolds
  Blork the orc (D:4)
  19 bullfrogs
  7 scorpions
  An electric eel (Lair:3)
  12 howler monkeys
  12 wights
  5 crimson imps
  2 centaur zombies
  2 bullfrog zombies
  2 jellies
  18 orc priests
  2 centaur skeletons
  6 hounds
  3 bullfrog skeletons
  Crazy Yiuf (D:2)
  Terence (D:2)
  2 iguanas
  36 orc wizards
  Ijyb (D:4)
  11 worker ants
  A killer bee zombie (D:7)
  8 gnolls
  A worker ant zombie (D:8)
  25 adders
  4 shadow imps
  2 oozes
  3 adder skeletons
  3 worms
  A dart slug (D:1)
  A leopard gecko (D:8)
  72 orcs
  A ball python (D:3)
  5 giant cockroaches
  9 goblins
  4 hobgoblins
  12 jackals
  6 quokkas
  8 bats
  3 frilled lizards
  A jackal skeleton (D:4)
  33 kobolds
  A leopard gecko skeleton (D:9)
  3 quokka skeletons
  6 rats
  A fungus (Lair:4)
  4 plants
  A withered plant (D:15)
801 creatures vanquished.

Vanquished Creatures (collateral kills)
  A vault guard (D:14)
  A two-headed ogre (D:13)
  A necromancer (D:14)
  A black mamba (Lair:3)
  A hornet (Swamp:2)
  2 vampire mosquitoes (Swamp:2)
  A kobold (D:13)
8 creatures vanquished.

Vanquished Creatures (others)
  A two-headed ogre (Volcano)
  A spriggan (Swamp:2)
  2 hornets
  A yak (D:11)
  3 centaurs
  A scorpion (D:5)
  A hound (D:4)
  An orc wizard (Orc:2)
  A killer bee zombie (D:9)
  An orc (Orc:1)
  6 kobolds (Bailey)
  A fire vortex (D:9)
  11 fungi
  13 plants
44 creatures vanquished.

Grand Total: 853 creatures vanquished

Vault maps used:
D:1:      kennysheep_arrival_forest, minmay_misc_feat_cross, minivault_23,
          nemelex_diamond_rough_becter
D:2:      first_ration, uniq_sigmund, uniq_terence, uniq_crazy_yiuf_cottage
D:3:      corexii_corridor_pit, uniq_grinder
D:4:      minmay_temple_entry_junction_2, patterned_corridor,
          uniq_blork_the_orc, uniq_edmund, uniq_ijyb, uniq_pikel
D:5:      nicolae_overflow_quartered_altars, uniq_menkaure
D:7:      grunt_ogre_cave
D:8:      serial_shops, shop, minmay_misc_feat_tiny
D:9:      minmay_the_grid_octo_tiled_squarecenter, orc_0_dummy
D:10:     serial_shops, shop, uniq_urug
D:11:     minmay_lair_entry_lava
D:12:     lemuel_oklob_altar, uniq_erolcha
D:13:     uniq_sonja
D:14:     grunt_vaults_entry_tiered, minmay_misc_feat_chi, serial_shops,
          kennysheep_little_box, lemuel_statue_altar
D:15:     gammafunk_depths_entry_grave
Lair:3:   lemuel_reptile_caves, swamp_mist_pool, infiniplex_staircase_pool
Lair:4:   spider_nest_entry_a, lab_entry_generic, minmay_lair_drake_nest,
          uniq_kirke, uniq_nessos
Lair:5:   enter_volcano_2, pf_torpor_hydra
Lair:6:   due_jungle_book, slime_altar_1, minmay_stone_trees_large,
          lemuel_centaur_altar
Swamp:1:  gammafunk_its_a_trap, evilmike_swamp_ruin_house_4
Swamp:2:  serial_swamp_ruin, evilmike_swamp_ruin_house_5,
          hangedman_swamp_ruin_wall, evilmike_swamp_ruin_rubble_1
Orc:1:    basic_altar, enter_bailey_3
Orc:2:    st_orc_mages, basic_altar, serial_shops, shop
Lab:      labyrinth_spiral, nicolae_lab_lava, nicolae_lab_garden,
          labyrinth_lava_lair, labyrinth_skeletal_remains, labyrinth_fake_exit,
          labyrinth_glass_1, nicolae_lab_hexagon, nicolae_lab_do_over
Bailey:   bailey_axe_3, bailey
Volcano:  volcano_village


Message History

The eight-headed hydra bites you but does no damage.
The eight-headed hydra bites you.
* * * LOW HITPOINT WARNING * * *
The eight-headed hydra barely misses you.
You block the eight-headed hydra's attack. x2
The eight-headed hydra bites you but does no damage.
The eight-headed hydra bites you.
* * * LOW HITPOINT WARNING * * *
You block the eight-headed hydra's attack.
As you read the scroll of fear, it crumbles to dust.
You assume a fearsome visage.
The eight-headed hydra looks frightened!
Your spear is unaffected.
The hornet resists with some effort.
The thorn hunter is unaffected.
The thorn hunter fires a volley of thorns at you.
The volley of thorns hits you!
* * * LOW HITPOINT WARNING * * *
The thorn hunter fires a volley of thorns at you.
The volley of thorns hits you!
You die...

Notes
Turn   | Place    | Note
-------+----------+-------------------------------------------
     0 | D:1      | Serpenta the Mummy Chaos Knight began the quest for the Orb.
     0 | D:1      | Reached XP level 1. HP: 18/18 MP: 1/1
    23 | D:1      | XOM: harmless Ice miscast
   160 | D:1      | Reached XP level 2. HP: 15/24 MP: 2/2
   269 | D:1      | Reached skill level 3 in Axes
   506 | D:1      | XOM: god gift: silver wand {god gift}
   685 | D:1      | Found a sparkling altar of Nemelex Xobeh.
   872 | D:1      | XOM: scenery: 3 doors close
   993 | D:2      | Noticed Terence
   994 | D:2      | XOM: medium Necr miscast
   999 | D:2      | Killed Terence
   999 | D:2      | Reached skill level 1 in Evocations
   999 | D:2      | Reached XP level 3. HP: 27/29 MP: 2/4
  1064 | D:2      | Reached XP level 4. HP: 31/35 MP: 5/5
  1247 | D:2      | XOM: 5-stop teleportation journey
  1282 | D:2      | Noticed Sigmund
  1409 | D:2      | Killed Sigmund
  1409 | D:2      | Reached XP level 5. HP: 38/41 MP: 5/8
  1771 | D:2      | Found a runed door.
  2080 | D:3      | Noticed Grinder
  2081 | D:3      | Paralysed by Grinder for 7 turns
  2091 | D:3      | XOM: enchant monster (good)
  2282 | D:3      | Reached XP level 6. HP: 40/47 MP: 9/9
  2607 | D:3      | Killed Grinder
  2607 | D:3      | Reached skill level 5 in Evocations
  2833 | D:2      | XOM: divination: detect creatures
  3347 | D:3      | Reached XP level 7. HP: 50/52 MP: 11/11
  3493 | D:3      | XOM: god gift: 12 arrows {god gift}
  3521 | D:4      | Noticed Ijyb
  3555 | D:4      | Killed Ijyb
  3564 | D:4      | Found a staircase to the Ecumenical Temple.
  3649 | D:4      | XOM: 1-stop teleportation journey
  3743 | D:4      | XOM: severe Conj miscast
  3978 | D:4      | XOM: medium Tmut miscast
  3980 | D:4      | Noticed Edmund
  3983 | D:4      | Killed Edmund
  3983 | D:4      | Reached skill level 4 in Axes
  4048 | D:4      | Noticed Pikel
  4066 | D:4      | Paralysed by Pikel for 5 turns
  4067 | D:4      | XOM: cast spell 'Ring of Flames'
  4070 | D:4      | XOM: summons friendly iron imp
  4072 | D:4      | XOM: confuse monster(s)
  4078 | D:4      | Killed Pikel
  4078 | D:4      | Reached skill level 6 in Axes
  4078 | D:4      | Reached XP level 8. HP: 58/58 MP: 12/12
  4612 | D:4      | Noticed Blork the orc
  4621 | D:4      | Killed Blork the orc
  4772 | D:5      | Entered Level 5 of the Dungeon
  4775 | D:5      | Found a shadowy altar of Dithmenos.
  4825 | D:5      | Noticed VDreamerV's ghost (novice FoTm)
  4856 | D:5      | XOM: summons friendly quasit
  4864 | D:5      | Killed VDreamerV's ghost
  4864 | D:5      | Reached skill level 7 in Axes
  4882 | D:5      | Found a basalt altar of Yredelemnul.
  4882 | D:5      | XOM: god gift: 4 javelins of penetration {god gift}
  4981 | D:5      | Found a glowing golden altar of the Shining One.
  5054 | D:5      | Noticed Menkaure
  5066 | D:5      | Killed Menkaure
  5066 | D:5      | Reached skill level 8 in Axes
  5116 | D:5      | Reached XP level 9. HP: 63/63 MP: 13/13
  5185 | D:5      | XOM: swap monsters
  5321 | D:5      | Found an opulent altar of Gozag.
  5329 | D:5      | XOM: scenery: create altars
  5383 | D:5      | XOM: cast spell 'Summon Small Mammal'
  5464 | D:5      | XOM: fog
  5614 | D:5      | XOM: confuse monster(s)
  5684 | D:5      | XOM: harmless Tmut miscast
  5816 | D:6      | XOM: harmless Ice miscast
  6003 | D:6      | Reached skill level 9 in Axes
  6525 | D:6      | XOM: harmless Chrm miscast
  6700 | D:7      | XOM: harmless Ice miscast
  6869 | D:7      | Reached skill level 10 in Axes
  7002 | D:7      | XOM: harmless Necr miscast
  7195 | D:8      | Noticed a two-headed ogre
  7209 | D:8      | Killed a two-headed ogre
  7209 | D:8      | Reached XP level 10. HP: 70/70 MP: 14/14
  7247 | D:7      | XOM: harmless Tloc miscast
  7453 | D:8      | XOM: potion effect (experience)
  7453 | D:8      | Reached XP level 11. HP: 75/75 MP: 15/15
  7486 | D:8      | Reached skill level 11 in Axes
  7515 | D:8      | Found Yzigagot's Antique Weapon Shop.
  8049 | D:8      | Noticed a two-headed ogre
  8059 | D:8      | Killed a two-headed ogre
  8209 | D:8      | XOM: divination: detect items
  8251 | D:8      | XOM: harmless Chrm miscast
  8275 | D:8      | XOM: divination: magic mapping
  8315 | D:9      | XOM: confuse monster(s)
  8379 | D:9      | Noticed a two-headed ogre
  8393 | D:9      | Killed a two-headed ogre
  8430 | D:9      | XOM: divination: detect creatures
  8471 | D:9      | XOM: mild Chrm miscast
  8590 | D:9      | Found a staircase to the Orcish Mines.
  8741 | D:9      | XOM: 6-stop teleportation journey
  8771 | D:9      | Noticed a two-headed ogre
  8772 | D:9      | Noticed a rakshasa
  8778 | D:9      | Killed a two-headed ogre
  8783 | D:9      | XOM: mild Fire miscast
  8792 | D:9      | XOM: chaos upgrade
  8859 | D:8      | XOM: summons 5 hostile demons
  9112 | D:10     | Entered Level 10 of the Dungeon
  9227 | D:10     | Noticed Urug
  9254 | D:10     | Killed Urug
  9357 | D:10     | XOM is BORED!
  9357 | D:10     | XOM: 1-stop teleportation journey
  9447 | D:10     | XOM: harmless Necr miscast
  9468 | D:10     | Found Baock's Magic Scroll Emporium.
  9477 | D:10     | Bought a scroll of blinking for 90 gold pieces
  9477 | D:10     | Bought a scroll of teleportation for 36 gold pieces
  9477 | D:10     | Bought a scroll of teleportation for 36 gold pieces
  9477 | D:10     | Bought 2 scrolls of fear for 84 gold pieces
  9477 | D:10     | Bought a scroll of magic mapping for 42 gold pieces
  9479 | D:10     | XOM: scenery: create altars
  9703 | D:10     | XOM: noise
  9808 | D:10     | XOM: 2-stop teleportation journey
  9872 | D:9      | XOM: harmless Fire miscast
  9927 | D:9      | XOM: confusion
 10068 | D:11     | Found a staircase to the Lair.
 10153 | D:11     | XOM: 3-stop teleportation journey
 10157 | D:11     | Noticed a cyan ugly thing
 10425 | D:11     | XOM: medium Hex miscast
 10561 | D:10     | XOM: polymorph quasit -> crimson imp
 10610 | D:10     | XOM: polymorph big kobold -> hog
 10747 | D:10     | XOM: mild Erth miscast
 10812 | D:9      | XOM: repel stairs
 10955 | D:10     | XOM: scenery: create altars
 11135 | D:11     | XOM: polymorph yak -> hornet
 11139 | D:11     | XOM: divine lightning
 11196 | D:11     | XOM is BORED!
 11196 | D:11     | XOM: summons 5 hostile demons
 11197 | D:11     | Noticed a sixfirhy
 11467 | D:11     | XOM: cleaving
 11472 | D:11     | Killed a cyan ugly thing
 11472 | D:11     | Reached skill level 12 in Axes
 11539 | D:11     | XOM: severe Necr miscast
 11556 | Lair:1   | Entered Level 1 of the Lair of Beasts
 11561 | Lair:1   | XOM: cleaving
 11595 | Lair:1   | Reached XP level 12. HP: 80/81 MP: 16/16
 11891 | Lair:1   | XOM: smoke on damage
 11939 | Lair:1   | XOM: cloud trail
 12103 | Lair:1   | XOM: 1-stop teleportation journey
 12285 | Lair:1   | XOM: harmless Chrm miscast
 12348 | Lair:1   | XOM: 1-stop teleportation journey
 12400 | Lair:1   | Noticed a six-headed hydra
 12404 | Lair:1   | Killed a six-headed hydra
 12763 | Lair:2   | Got a fine war axe
 12764 | Lair:2   | Identified the +5 war axe "Kuso" {venom, rF+++ Int+2 Dex-5} (You found it on level 2 of the Lair of Beasts)
 12809 | Lair:2   | Noticed an eight-headed hydra
 12834 | Lair:2   | XOM: medium Air miscast
 12842 | Lair:2   | XOM: noise
 12857 | Lair:2   | Killed a 20-headed hydra
 12857 | Lair:2   | Reached skill level 5 in Armour
 12962 | Lair:2   | XOM: cloud trail
 13057 | Lair:2   | XOM: divination: detect creatures
 13077 | Lair:2   | XOM: enchant monster (good)
 13095 | Lair:2   | XOM: noise
 13117 | Lair:2   | Got a coiled brass ring
 13121 | Lair:2   | Identified the ring "Loistuni" {Fire *Contam rN+ Str+7} (You found it on level 2 of the Lair of Beasts)
 13648 | Lair:3   | XOM: potion effect (invisibility)
 13751 | Lair:3   | XOM: mild Pois miscast
 13819 | Lair:3   | XOM: divination: magic mapping
 13820 | Lair:3   | XOM: cast spell 'Summon Dragon'
 14152 | Lair:3   | Found a staircase to the Swamp.
 14271 | Lair:3   | XOM: scenery: create altars
 14283 | Lair:3   | XOM: snakes to sticks
 14732 | Lair:4   | XOM: fog
 14743 | Lair:4   | XOM: scenery: create altars
 14789 | Lair:4   | Found a labyrinth entrance.
 14800 | Lab      | Entered a labyrinth
 15310 | Lab      | Noticed a minotaur
 15314 | Lab      | Killed a minotaur
 15314 | Lab      | Reached skill level 13 in Axes
 15339 | Lab      | Identified Azuil's Reference Book on the Twisted Arsonist
 15339 | Lab      | Identified Pumoa's Incunabulum of Creative Protection
 15468 | Lair:4   | Gained mutation: You are in touch with the powers of death. [Mummy growth]
 15468 | Lair:4   | Reached XP level 13. HP: 86/86 MP: 17/17
 15473 | Lair:4   | Noticed Kirke
 15489 | Lair:4   | Killed Kirke
 15685 | Lair:4   | XOM: polymorph yak -> rime drake
 15686 | Lair:4   | Noticed Nessos
 15695 | Lair:4   | Killed Nessos
 15926 | Lair:4   | XOM: god gift: 720 gold pieces {god gift}
 15987 | Lair:4   | Found a hole to the Spider Nest.
 16240 | Lair:4   | XOM: enchant monster (good)
 16511 | Lair:5   | XOM: god gift: small silver amulet {god gift}
 16514 | Lair:5   | XOM: enchant monster (bad)
 16594 | Lair:5   | Found a dark tunnel.
 16612 | Volcano  | Entered a volcano
 16645 | Volcano  | XOM: cloud trail
 16721 | Volcano  | XOM: mild Fire miscast
 17349 | Lair:5   | XOM: polymorph elephant -> water nymph
 17350 | Lair:5   | XOM: harmless Air miscast
 17363 | Lair:5   | XOM: swap monsters
 17545 | Lair:5   | XOM: blink monster(s)
 17549 | Lair:5   | Reached skill level 14 in Axes
 17655 | Lair:5   | XOM: 2-stop teleportation journey
 17713 | Lair:5   | Found a runed door.
 17961 | Lair:5   | XOM: mild Tmut miscast
 18080 | Lair:5   | XOM: scenery: create altars
 18081 | Lair:5   | XOM: enchant monster (bad)
 18290 | Lair:5   | XOM: summons friendly quasit
 18435 | Lair:5   | XOM: summons 2 hostile demons
 18603 | Lair:6   | Entered Level 6 of the Lair of Beasts
 18712 | Lair:6   | XOM: harmless Conj miscast
 18815 | Lair:6   | Found a staircase to the Slime Pits.
 18816 | Lair:6   | Found a viscous altar of Jiyva.
 19092 | Lair:6   | XOM is BORED!
 19092 | Lair:6   | XOM: summons 6 hostile demons
 19189 | Lair:6   | Found a glowing silver altar of Zin.
 19195 | Lair:6   | XOM: destruction
 19512 | Lair:6   | XOM: scenery: create altars
 19527 | Lair:6   | XOM: harmless Erth miscast
 19529 | Lair:6   | Reached XP level 14. HP: 68/93 MP: 18/18
 19807 | Lair:6   | Reached skill level 10 in Armour
 20154 | Lair:6   | XOM: noise
 20473 | Lair:6   | XOM: medium Summ miscast
 20499 | Lair:6   | XOM: harmless Hex miscast
 20656 | Lair:6   | Got a pair of steaming gloves
 20667 | Lair:6   | Identified the +0 pair of gloves "Wusill" {rC+ MP+9 Dex-3} (You found it on level 6 of the Lair of Beasts)
 20954 | D:6      | XOM: summons 2 hostile shadow creatures
 21076 | D:2      | Noticed Crazy Yiuf
 21080 | D:2      | Killed Crazy Yiuf
 21496 | D:9      | XOM: summons 2 hostile demons
 21516 | D:9      | XOM: confuse monster(s)
 21539 | D:9      | Found a snail-covered altar of Cheibriados.
 21540 | D:9      | Found an ancient bone altar of Kikubaaqudgha.
 21540 | D:9      | Found a basalt altar of Yredelemnul.
 21540 | D:9      | Found a white marble altar of Elyvilon.
 21545 | D:9      | Got a flickering golden ring
 21563 | D:9      | XOM: harmless Air miscast
 21586 | D:9      | Identified the ring "Guugaloff" {Wiz -Tele Int+4 Dex+6} (You took it off a centaur on level 9 of the Dungeon)
 22640 | D:11     | XOM: mild Air miscast
 22810 | D:11     | XOM: silly message
 22906 | D:11     | XOM: noise
 22910 | D:11     | XOM: scenery: create altars
 23182 | D:12     | Found a shattered altar of Ashenzari.
 23290 | D:12     | XOM: god gift: 14 bolts {god gift}
 23292 | D:12     | Noticed p0werm0de's ghost (journeyman DDFi)
 23294 | D:12     | XOM: confuse monster(s)
 23307 | D:12     | XOM: harmless Summ miscast
 23320 | D:12     | XOM: summons friendly quasit
 23331 | D:12     | XOM: fog
 23377 | D:12     | Noticed Erolcha
 23382 | D:12     | XOM: noise
 23403 | D:11     | XOM: god gift: 16 sling bullets {god gift}
 23584 | D:11     | XOM: medium Pois miscast
 23636 | D:11     | XOM: summons 1 hostile shadow creature
 24027 | D:12     | XOM: divine lightning
 24190 | D:12     | XOM: silly message
 24361 | D:12     | XOM: cast spell 'Discord'
 24506 | D:11     | XOM: medium Erth miscast
 24601 | D:12     | XOM: repel stairs
 24612 | D:12     | Killed p0werm0de's ghost
 24674 | D:12     | XOM: noise
 24676 | D:12     | Killed Erolcha
 24868 | D:13     | Noticed Sonja
 24872 | D:13     | XOM: silly message
 24880 | D:13     | Killed Sonja
 24901 | D:13     | Reached skill level 15 in Axes
 24910 | D:13     | XOM: confuse monster(s)
 25124 | D:13     | XOM: enchant monster (good)
 25304 | D:13     | XOM: harmless Erth miscast
 25486 | D:13     | XOM: noise
 25487 | D:13     | XOM: cast spell 'Summon Mana Viper'
 25720 | D:13     | XOM: polymorph slime creature -> sea snake
 25723 | D:13     | XOM: fog
 26063 | D:14     | XOM: cast spell 'Summon Butterflies'
 26074 | D:14     | XOM: summons 2 friendly demons
 26102 | D:14     | XOM: polymorph quasit -> crimson imp
 26220 | D:14     | XOM: 3-stop teleportation journey
 26252 | D:14     | XOM: 2-stop teleportation journey
 26373 | D:14     | Found Nuheuwudu's Antique Weapon Boutique.
 26458 | D:14     | XOM: 1-stop teleportation journey
 26474 | D:14     | Found a blossoming altar of Fedhas.
 26510 | D:14     | XOM: scenery: create altars
 26811 | D:14     | Reached XP level 15. HP: 53/98 MP: 19/19
 27004 | D:14     | XOM: confuse monster(s)
 27059 | D:14     | XOM: confuse monster(s)
 27066 | D:14     | Found a gate to the Vaults.
 27069 | D:14     | XOM: 1-stop teleportation journey
 27262 | D:14     | XOM: summons 2 hostile shadow creatures
 27330 | D:14     | XOM: mild Air miscast
 27347 | D:14     | Identified a scroll of acquirement
 27485 | D:14     | XOM: scenery: create altars
 27493 | D:14     | XOM: noise
 27780 | D:15     | XOM: noise
 27780 | D:15     | Entered Level 15 of the Dungeon
 27836 | D:15     | XOM: summons friendly shadow imp
 27849 | D:15     | XOM: potion effect (curing)
 27984 | D:15     | XOM: divination: magic mapping
 27986 | D:15     | XOM: divination: detect creatures
 28227 | D:15     | XOM: noise
 28308 | D:15     | XOM: medium Hex miscast
 28362 | D:15     | XOM: silly message
 28485 | D:15     | Found a staircase to the Depths.
 28958 | D:12     | XOM: harmless Necr miscast
 29034 | Orc:1    | Entered Level 1 of the Orcish Mines
 29038 | Orc:1    | Reached skill level 16 in Axes
 29209 | Orc:1    | Found a flagged portal.
 29214 | Bailey   | Entered a bailey
 29300 | Bailey   | XOM: medium Tloc miscast
 29311 | Bailey   | XOM: enchant monster (bad)
 29320 | Bailey   | XOM: smoke on damage
 29386 | Bailey   | Found an iron altar of Okawaru.
 29742 | Orc:2    | Entered Level 2 of the Orcish Mines
 29855 | Orc:2    | Found a roughly hewn altar of Beogh.
 29871 | Orc:2    | Found Sibijov's Food Shop.
 29897 | Orc:2    | Found a staircase to the Elven Halls.
 29998 | Orc:1    | Found a shimmering altar of Xom.
 30141 | Orc:1    | XOM: severe Erth miscast
 30351 | Orc:2    | XOM: harmless Necr miscast
 30393 | Orc:2    | XOM: mild Ice miscast
 30500 | Orc:2    | XOM: harmless Chrm miscast
 30887 | Orc:2    | Found Sudy's Book Boutique.
 30887 | Orc:2    | Found Jer Lap's Assorted Antiques.
 30888 | Orc:2    | Found Sauwnumeh's Antique Armour Shop.
 30948 | Orc:2    | Found Guaxzigh's Book Shop.
 30964 | Orc:2    | Bought a shiny lead wand for 112 gold pieces
 30966 | Orc:2    | Bought a glowing plate armour for 832 gold pieces
 31013 | Orc:2    | XOM: polymorph ynoxinul -> smoke demon
 31497 | Spider:1 | Entered Level 1 of the Spider Nest
 31499 | Spider:1 | XOM: 2-stop teleportation journey
 31514 | Spider:1 | Noticed Kikal's ghost (journeyman FeEn)
 31540 | Spider:1 | XOM: swap monsters
 31608 | Lair:4   | XOM: noise
 31769 | Swamp:1  | Entered Level 1 of the Swamp
 31834 | Swamp:1  | XOM: harmless Pois miscast
 31844 | Swamp:1  | Reached skill level 5 in Fighting
 31937 | Lair:3   | XOM: stat loss: -1 Int (12/13)
 32167 | Swamp:1  | Noticed a thorn hunter
 32167 | Swamp:1  | a shambling mangrove changed into a thorn hunter
 32167 | Swamp:1  | XOM: polymorph shambling mangrove -> thorn hunter
 32171 | Swamp:1  | XOM: harmless Conj miscast
 32179 | Swamp:1  | Killed a thorn hunter
 32373 | Swamp:1  | XOM: cloud trail
 32792 | Swamp:1  | XOM: fake destruction
 32871 | Swamp:1  | XOM: polymorph tyrant leech -> slime creature
 33139 | Swamp:1  | Found a transporter.
 33139 | Swamp:1  | XOM: 5-stop teleportation journey
 33304 | Swamp:1  | XOM: confuse monster(s)
 33308 | Swamp:1  | XOM: summons 6 hostile demons
 33309 | Swamp:1  | Found a transporter.
 33450 | Swamp:2  | XOM: divine lightning
 33455 | Swamp:2  | XOM: mild Erth miscast
 33467 | Swamp:2  | XOM: smoke on damage
 33732 | Swamp:1  | XOM: harmless Necr miscast
 33859 | Swamp:2  | XOM: enchant monster (good)
 33872 | Swamp:1  | Reached XP level 16. HP: 78/113 MP: 20/20
 33875 | Swamp:1  | XOM: mild Hex miscast
 34029 | Swamp:2  | Noticed a thorn hunter
 34033 | Swamp:2  | XOM: swap monsters
 34034 | Swamp:2  | Noticed a thorn hunter
 34034 | Swamp:2  | XOM: blink monster(s)
 34034 | Swamp:2  | XOM: smoke on damage
 34036 | Swamp:2  | XOM: scenery: create altars
 34038 | Swamp:2  | Killed a thorn hunter
 34039 | Swamp:2  | HP: 4/113 [thorn hunter/volley of thorns (13)]
 34040 | Swamp:2  | Killed from afar by a thorn hunter
